[ AOE2 MATCH · #507828474 ]
UnrankedVietnamese vs Tupi
Player's team · LOSS
Rival team · WIN
[ REPLAY ANALYSIS · EXTRACTED FROM THE RECORDED GAME ]
Feudal
10:45
Castle
22:02
Imperial
—
| APM avg | 84.3 |
| APM peak | 123 |
| eAPM avg | 32.0 |
| Villagers / military | 79 / 33 |
Focus
⚔️ 52.1% · 🌾 47.9%
Archer ×26 · Militia ×5 · Mangonel ×2
Feudal
11:41
Castle
20:36
Imperial
30:56
| APM avg | 84.7 |
| APM peak | 157 |
| eAPM avg | 42.3 |
| Villagers / military | 132 / 6 |
Focus
⚔️ 50.7% · 🌾 49.3%
Unknown (2579) ×19 · Unknown (2550) ×5 · Archer ×3 · Mangonel ×3
Match map
Initial resources + every placement click. Lines = walls · curves = elevation contours. ◆ gold · ⬟ stone · ● berries · ✦ relic · ◌ wall gap
Your base· ✓ Closed at 22:02 · 70t walls · no gate
[GT]YellowJacket's base· Open — opponent sealed themselves in
Smoothed initial terrain · ◌ = detected wall gap · hover for details
Inputs per minute
— VL Tou - - [GT]YellowJacket
Build order — VL Tou
First 150 of 236 actions detected
| 0:00 | Queue | Villager (Male) |
| 0:01 | Queue | Villager (Male) |
| 0:01 | Queue | Villager (Male) |
| 0:01 | Queue | Villager (Male) |
| 0:02 | Build | House |
| 0:04 | Build | House |
| 1:19 | Queue | Villager (Male) |
| 1:19 | Queue | Villager (Male) |
| 1:45 | Queue | Villager (Male) |
| 1:45 | Queue | Villager (Male) |
| 1:56 | Build | Lumber Camp |
| 2:11 | Queue | Villager (Male) |
| 2:11 | Queue | Villager (Male) |
| 2:48 | Queue | Villager (Male) |
| 3:09 | Queue | Villager (Male) |
| 3:35 | Queue | Villager (Male) |
| 3:52 | Build | House |
| 4:12 | Queue | Villager (Male) |
| 4:12 | Queue | Villager (Male) |
| 4:23 | Queue | Villager (Male) |
| 4:25 | Build | Palisade Wall |
| 4:26 | Build | Palisade Wall |
| 4:27 | Build | Palisade Wall |
| 4:42 | Queue | Villager (Male) |
| 4:45 | Build | Barracks |
| 4:56 | Queue | Villager (Male) |
| 4:57 | Queue | Villager (Male) |
| 5:15 | Queue | Villager (Male) |
| 5:44 | Queue | Militia |
| 5:44 | Queue | Militia |
| 5:54 | Build | House |
| 6:05 | Queue | Villager (Male) |
| 6:13 | Queue | Militia |
| 6:14 | Queue | Militia |
| 6:15 | Build | Mill |
| 6:25 | Build | House |
| 6:26 | Build | Palisade Wall |
| 6:42 | Queue | Villager (Male) |
| 6:42 | Queue | Villager (Male) |
| 6:56 | Queue | Villager (Male) |
| 6:58 | Research | Loom |
| 7:06 | Build | Palisade Wall |
| 7:10 | Build | Palisade Wall |
| 8:35 | Research | Feudal Age |
| 8:35 | Research | Feudal Age |
| 8:43 | Build | Lumber Camp |
| 8:57 | Build | Palisade Wall |
| 9:19 | Build | Mining Camp |
| 9:31 | Build | Farm |
| 9:40 | Build | House |
| 9:52 | Build | Palisade Wall |
| 10:27 | Build | House |
| 10:31 | Queue | Militia |
| 10:40 | Build | Palisade Wall |
| 10:43 | Build | Palisade Wall |
| 10:45 | Age | Feudal Age |
| 10:48 | Research | Double-Bit Axe |
| 10:48 | Research | Double-Bit Axe |
| 10:49 | Queue | Villager (Male) |
| 10:53 | Build | Archery Range |
| 11:18 | Queue | Villager (Male) |
| 11:19 | Build | Farm |
| 11:20 | Build | Farm |
| 11:30 | Build | House |
| 11:31 | Build | House |
| 11:41 | Build | Farm |
| 11:47 | Queue | Villager (Male) |
| 11:48 | Queue | Archer |
| 11:55 | Build | Farm |
| 12:04 | Build | Farm |
| 12:16 | Queue | Villager (Male) |
| 12:17 | Queue | Villager (Male) |
| 12:27 | Build | House |
| 12:29 | Build | Palisade Wall |
| 12:30 | Build | House |
| 12:38 | Queue | Archer |
| 12:43 | Queue | Villager (Male) |
| 13:13 | Queue | Villager (Male) |
| 13:15 | Build | Farm |
| 13:18 | Build | House |
| 13:19 | Build | Palisade Wall |
| 13:21 | Build | Farm |
| 13:24 | Research | Horse Collar |
| 13:24 | Research | Horse Collar |
| 13:31 | Build | House |
| 13:36 | Queue | Archer |
| 13:53 | Queue | Archer |
| 13:56 | Build | Blacksmith |
| 14:04 | Build | Palisade Wall |
| 14:07 | Queue | Villager (Male) |
| 14:07 | Queue | Villager (Male) |
| 14:10 | Build | Farm |
| 14:14 | Queue | Villager (Male) |
| 14:14 | Queue | Villager (Male) |
| 14:25 | Queue | Archer |
| 14:29 | Build | House |
| 14:31 | Build | Palisade Wall |
| 14:33 | Build | Palisade Wall |
| 14:35 | Build | Palisade Wall |
| 14:48 | Build | House |
| 15:02 | Build | Farm |
| 15:07 | Build | Farm |
| 15:16 | Queue | Archer |
| 15:32 | Build | House |
| 15:38 | Research | Fletching |
| 15:38 | Research | Fletching |
| 15:54 | Build | House |
| 15:56 | Build | House |
| 15:59 | Build | House |
| 16:26 | Queue | Archer |
| 16:40 | Queue | Villager (Male) |
| 16:49 | Research | Wheelbarrow |
| 16:49 | Research | Wheelbarrow |
| 16:50 | Queue | Villager (Male) |
| 16:53 | Build | Farm |
| 16:55 | Queue | Villager (Male) |
| 16:58 | Build | Mill |
| 17:16 | Build | Palisade Wall |
| 17:30 | Build | Market |
| 17:33 | Queue | Villager (Male) |
| 17:42 | Queue | Archer |
| 18:14 | Queue | Archer |
| 18:17 | Build | Farm |
| 18:48 | Queue | Villager (Male) |
| 19:18 | Research | Castle Age |
| 20:11 | Queue | Archer |
| 20:27 | Research | Gold Mining |
| 20:29 | Build | House |
| 20:30 | Build | House |
| 20:51 | Queue | Archer |
| 21:20 | Queue | Archer |
| 21:44 | Build | House |
| 21:49 | Queue | Archer |
| 22:02 | Age | Castle Age |
| 22:05 | Build | Town Center |
| 22:07 | Research | Crossbowman (upgrade) |
| 22:09 | Research | Bodkin Arrow |
| 22:09 | Research | Bodkin Arrow |
| 22:12 | Research | Bow Saw |
| 22:14 | Research | Hand Cart |
| 22:20 | Queue | Villager (Male) |
| 22:23 | Build | House |
| 22:24 | Build | House |
| 22:27 | Build | House |
| 22:30 | Build | House |
| 22:38 | Queue | Villager (Male) |
| 22:47 | Queue | Villager (Male) |
| 22:48 | Build | Palisade Gate |
| 22:52 | Queue | Archer |
| 23:04 | Build | Siege Workshop |
Build order — [GT]YellowJacket
First 150 of 270 actions detected
| 0:00 | Queue | Villager (Male) |
| 0:01 | Build | House |
| 0:02 | Queue | Villager (Male) |
| 0:02 | Build | House |
| 0:02 | Queue | Villager (Male) |
| 0:13 | Queue | Villager (Male) |
| 0:58 | Queue | Villager (Male) |
| 1:29 | Queue | Villager (Male) |
| 1:50 | Build | Settlement |
| 1:57 | Queue | Villager (Male) |
| 2:44 | Queue | Villager (Male) |
| 2:44 | Queue | Villager (Male) |
| 2:47 | Queue | Villager (Male) |
| 2:48 | Queue | Villager (Male) |
| 3:31 | Queue | Villager (Male) |
| 3:31 | Queue | Villager (Male) |
| 3:42 | Queue | Villager (Male) |
| 3:43 | Queue | Villager (Male) |
| 4:31 | Queue | Villager (Male) |
| 4:31 | Queue | Villager (Male) |
| 4:32 | Queue | Villager (Male) |
| 4:40 | Build | Barracks |
| 4:51 | Queue | Villager (Male) |
| 4:51 | Queue | Villager (Male) |
| 5:10 | Build | House |
| 5:11 | Build | Palisade Wall |
| 5:22 | Queue | Villager (Male) |
| 5:31 | Queue | Villager (Male) |
| 5:37 | Queue | Unit 2550 |
| 5:38 | Queue | Villager (Male) |
| 5:39 | Queue | Villager (Male) |
| 5:40 | Queue | Villager (Male) |
| 6:05 | Queue | Villager (Male) |
| 6:13 | Build | Palisade Wall |
| 6:17 | Build | Settlement |
| 6:25 | Queue | Villager (Male) |
| 6:28 | Build | Palisade Wall |
| 6:30 | Build | Palisade Wall |
| 6:35 | Queue | Unit 2550 |
| 6:35 | Queue | Villager (Male) |
| 6:40 | Queue | Villager (Male) |
| 6:40 | Queue | Villager (Male) |
| 6:48 | Build | House |
| 6:48 | Build | Palisade Wall |
| 7:00 | Build | Palisade Wall |
| 7:05 | Build | Palisade Wall |
| 7:10 | Build | Palisade Wall |
| 7:29 | Queue | Unit 2550 |
| 7:30 | Queue | Villager (Male) |
| 7:32 | Research | Loom |
| 8:06 | Queue | Villager (Male) |
| 8:30 | Build | House |
| 8:34 | Build | Settlement |
| 8:58 | Queue | Villager (Male) |
| 9:31 | Research | Feudal Age |
| 9:33 | Build | Settlement |
| 10:14 | Build | Palisade Wall |
| 10:21 | Queue | Villager (Male) |
| 10:23 | Queue | Unit 2550 |
| 10:26 | Build | Farm |
| 11:20 | Queue | Unit 2550 |
| 11:23 | Build | Farm |
| 11:41 | Age | Feudal Age |
| 11:43 | Research | Tech 1402 |
| 11:45 | Research | Double-Bit Axe |
| 11:51 | Build | Archery Range |
| 11:55 | Queue | Villager (Male) |
| 12:04 | Research | Horse Collar |
| 12:11 | Queue | Villager (Male) |
| 12:16 | Queue | Villager (Male) |
| 12:22 | Queue | Villager (Male) |
| 12:29 | Build | Farm |
| 12:34 | Build | Farm |
| 12:37 | Build | Farm |
| 12:43 | Queue | Archer |
| 12:47 | Queue | Villager (Male) |
| 12:55 | Build | Farm |
| 13:19 | Queue | Villager (Male) |
| 13:22 | Build | Farm |
| 13:27 | Queue | Archer |
| 13:30 | Queue | Villager (Male) |
| 13:48 | Build | Blacksmith |
| 13:52 | Queue | Villager (Male) |
| 13:53 | Queue | Archer |
| 13:59 | Build | Farm |
| 14:39 | Build | Farm |
| 14:41 | Build | Farm |
| 14:43 | Build | Farm |
| 14:46 | Research | Fletching |
| 14:59 | Queue | Villager (Male) |
| 14:59 | Queue | Villager (Male) |
| 15:06 | Build | Farm |
| 15:14 | Build | Farm |
| 15:24 | Build | Farm |
| 15:25 | Build | Farm |
| 15:54 | Queue | Villager (Male) |
| 16:14 | Queue | Villager (Male) |
| 16:17 | Queue | Villager (Male) |
| 16:48 | Build | Farm |
| 16:49 | Build | Farm |
| 16:55 | Build | Market |
| 17:10 | Queue | Villager (Male) |
| 17:28 | Build | House |
| 17:30 | Build | Palisade Wall |
| 17:44 | Research | Castle Age |
| 17:46 | Build | Farm |
| 17:53 | Build | Farm |
| 18:13 | Build | Farm |
| 18:15 | Research | Gold Mining |
| 18:24 | Research | Padded Archer Armor |
| 19:04 | Queue | Villager (Male) |
| 19:23 | Build | Market |
| 19:29 | Build | House |
| 19:50 | Build | Settlement |
| 19:59 | Build | Palisade Wall |
| 20:03 | Queue | Villager (Male) |
| 20:12 | Build | House |
| 20:36 | Age | Castle Age |
| 20:44 | Build | Castle |
| 20:48 | Queue | Villager (Male) |
| 20:53 | Build | Palisade Wall |
| 20:56 | Research | Bodkin Arrow |
| 20:57 | Research | Bow Saw |
| 20:57 | Queue | Villager (Male) |
| 21:00 | Build | House |
| 21:04 | Queue | Villager (Male) |
| 21:08 | Queue | Villager (Male) |
| 21:12 | Queue | Villager (Male) |
| 21:27 | Queue | Villager (Male) |
| 21:29 | Queue | Villager (Male) |
| 21:41 | Build | Town Center |
| 21:43 | Queue | Villager (Male) |
| 21:44 | Queue | Villager (Male) |
| 21:45 | Queue | Unit 2579 |
| 21:49 | Build | Farm |
| 21:52 | Queue | Unit 2579 |
| 21:56 | Queue | Villager (Male) |
| 22:01 | Queue | Villager (Male) |
| 22:05 | Queue | Unit 2579 |
| 22:06 | Queue | Unit 2579 |
| 22:10 | Queue | Villager (Male) |
| 22:15 | Queue | Villager (Male) |
| 22:24 | Queue | Unit 2579 |
| 22:29 | Queue | Villager (Male) |
| 22:33 | Queue | Villager (Male) |
| 22:42 | Build | Farm |
| 22:42 | Queue | Villager (Male) |
| 22:43 | Queue | Unit 2579 |
| 22:57 | Queue | Villager (Male) |
| 23:04 | Build | Siege Workshop |
Match timeline
| 4:25 | VL Tou · wall_segment Palisade Wall x1 |
| 4:26 | VL Tou · wall_segment Palisade Wall x1 |
| 4:27 | VL Tou · wall_segment Palisade Wall x1 |
| 4:40 | [GT]YellowJacket · first_building Barracks |
| 4:45 | VL Tou · first_building Barracks |
| 5:11 | [GT]YellowJacket · wall_segment Palisade Wall x1 |
| 6:13 | [GT]YellowJacket · wall_segment Palisade Wall x1 |
| 6:26 | VL Tou · wall_segment Palisade Wall x9 |
| 6:28 | [GT]YellowJacket · wall_segment Palisade Wall x1 |
| 6:30 | [GT]YellowJacket · wall_segment Palisade Wall x14 |
| 6:48 | [GT]YellowJacket · wall_segment Palisade Wall x3 |
| 7:00 | [GT]YellowJacket · wall_segment Palisade Wall x17 |
| 7:05 | [GT]YellowJacket · wall_segment Palisade Wall x4 |
| 7:06 | VL Tou · wall_segment Palisade Wall x16 |
| 7:10 | VL Tou · wall_segment Palisade Wall x8 |
| 7:10 | [GT]YellowJacket · wall_segment Palisade Wall x3 |
| 8:57 | VL Tou · wall_segment Palisade Wall x8 |
| 9:52 | VL Tou · wall_segment Palisade Wall x6 |
| 10:14 | [GT]YellowJacket · wall_segment Palisade Wall x1 |
| 10:40 | VL Tou · wall_segment Palisade Wall x7 |
| 10:43 | VL Tou · wall_segment Palisade Wall x12 |
| 10:45 | VL Tou · age_up feudal |
| 10:53 | VL Tou · first_building Archery Range |
| 11:41 | [GT]YellowJacket · age_up feudal |
| 11:51 | [GT]YellowJacket · first_building Archery Range |
| 12:29 | VL Tou · wall_segment Palisade Wall x1 |
| 13:19 | VL Tou · wall_segment Palisade Wall x1 |
| 14:04 | VL Tou · wall_segment Palisade Wall x1 |
| 14:31 | VL Tou · wall_segment Palisade Wall x1 |
| 14:33 | VL Tou · wall_segment Palisade Wall x1 |
| 14:35 | VL Tou · wall_segment Palisade Wall x1 |
| 17:16 | VL Tou · wall_segment Palisade Wall x1 |
| 17:30 | [GT]YellowJacket · wall_segment Palisade Wall x1 |
| 17:41 | [GT]YellowJacket · first_market_buy 100 food |
| 18:23 | VL Tou · first_market_sell 100 wood |
| 18:25 | VL Tou · first_market_buy 100 food |
| 19:59 | [GT]YellowJacket · wall_segment Palisade Wall x1 |
| 20:36 | [GT]YellowJacket · age_up castle |
| 20:44 | [GT]YellowJacket · first_building Castle |
| 20:53 | [GT]YellowJacket · wall_segment Palisade Wall x1 |
| 22:02 | VL Tou · age_up castle |
| 23:04 | VL Tou · first_building Siege Workshop |
| 23:04 | [GT]YellowJacket · first_building Siege Workshop |
| 25:14 | VL Tou · wall_segment Stone Wall x1 |
| 27:43 | [GT]YellowJacket · first_market_sell 100 wood |
| 30:22 | VL Tou · first_building Castle |
| 30:24 | [GT]YellowJacket · first_building Monastery |
| 30:56 | [GT]YellowJacket · age_up imperial |
| 31:01 | VL Tou · resign |
[ AI ANALYSIS · 1 CREDIT ]
What really happened in this match?
Wolo.gg analyzes every decision: build order, eco, micro, common mistakes by bracket. Personalized analysis on WhatsApp or Discord in 30 seconds.
Civ guide
Vietnamese
Perfil
Jugador #2825261